 Dungeon Crawl Stone Soup version 0.28.0-53-g5a82cb258f (webtiles) character file.

Game seed: 1042325695994439907

4628 ILmort the Fanfare of Bloodshed (level 10, 0/91 HPs)
             Began as a Hill Orc Fighter on Aug 16, 2022.
             Was a Believer of Makhleb.
             Slain by a wyvern (3 damage)
             ... on level 7 of the Dungeon.
             The game lasted 00:33:22 (7509 turns).

ILmort the Fanfare of Bloodshed (Hill Orc Fighter)  Turns: 7509, Time: 00:33:22

Health: 0/91       AC: 18    Str: 21 (24) XL:     10   Next: 42%
Magic:  17/17      EV: 10    Int:  5 (8)  God:    Makhleb [**....]
Gold:   282        SH:  5    Dex:  8 (10) Spells: 9/9 levels left

rFire   . . .      SeeInvis .   a - +1 war axe
rCold   . . .      Faith    .   c - +0 buckler
rNeg    . . .      Spirit   .   E - +1 swamp dragon scales
rPois   +          Reflect  .   z - +1 helmet
rElec   .          Harm     .   u - +1 cloak {rCorr}
rCorr   +          Rampage  .   B - +0 pair of gloves
Will    .....                   l - +1 pair of boots
Stlth   ..........              k - amulet of regeneration
HPRegen 1.05/turn               (no ring)
MPRegen 0.15/turn               (no ring)

@: no status effects
A: no striking features
a: Renounce Religion, Minor Destruction


You were on level 7 of the Dungeon.
You worshipped Makhleb.
Makhleb was pleased with you.
You visited 2 branches of the dungeon, and saw 9 of its levels.

You collected 282 gold pieces.

Inventory:

Hand Weapons
 a - a +1 war axe (weapon)
 b - the +2 mace of Precise Incision {vorpal, Str+4 Dex+4}
   (You found it on level 3 of the Dungeon)

   It inflicts extra damage upon your enemies.
   Str:       It affects your strength (+4).
   Dex:       It affects your dexterity (+4).
Armour
 c - a +0 buckler (worn)
 i - +0 acid dragon scales
 l - a +1 pair of boots (worn)
 u - a +1 cloak of preservation (worn)
 z - a +1 helmet (worn)
 B - a +0 pair of gloves (worn)
 E - +1 swamp dragon scales (worn)
Jewellery
 k - an amulet of regeneration (around neck)
 x - an amulet of the acrobat
Wands
 f - a wand of charming (2)
 v - a wand of flame (24)
 D - a wand of polymorph (6)
Scrolls
 e - 8 scrolls of identify {unknown}
 p - 4 scrolls of teleportation {unknown}
 t - a scroll of enchant weapon
 A - a scroll of summoning {unknown}
 C - a scroll of noise {unknown}
 F - a scroll of fog {unknown}
 G - a scroll of blinking
Potions
 d - 3 potions of might
 h - 3 potions of cancellation
 j - 3 potions of magic
 m - 3 potions of curing
 n - 2 potions of degeneration
 o - a potion of haste {unknown}
 q - a potion of ambrosia {unknown}
 r - a potion of resistance {unknown}
 s - 3 potions of flight {unknown}
 w - a potion of mutation {unknown}


   Skills:
 + Level 9.0 Fighting
 + Level 8.8 Axes
 + Level 7.5 Armour
 + Level 7.5 Shields
 - Level 10.0 Invocations


You had 9 spell levels left.
You didn't know any spells.
Your spell library contained the following spells:

 Spells                   Type           Power      Damage    Failure   Level
 Static Discharge         Conj/Air       0%         N/A       83%         2
 Dazzling Flash           Conj/Hex       0%         N/A       97%         3
 Gell's Gravitas          Tloc           0%         N/A       97%         3
 Lesser Beckoning         Tloc           0%         N/A       97%         3
 Teleport Other           Tloc           0%         N/A       97%         3
 Airstrike                Air            0%         N/A       100%        4
 Dispel Undead            Necr           0%         3d6       100%        4
 Iskenderun's Mystic Bla  Conj/Tloc      0%         2d3       100%        4
 Sticky Flame             Conj/Fire      0%         2d3       100%        4
 Summon Lightning Spire   Summ/Air       0%         N/A       100%        4
 Lightning Bolt           Conj/Air       0%         1d11      100%        5
 Dispersal                Tloc           0%         N/A       100%        6
 Starburst                Conj/Fire      0%         6d3       100%        6


Dungeon Overview and Level Annotations

Branches:
Dungeon (8/15)             Temple (1/1) D:4
   Lair: D:8-11

Altars:
Ashenzari
Cheibriados
Dithmenos
Elyvilon
Fedhas
Gozag
Hepliaklqana
Kikubaaqudgha
Makhleb
Nemelex Xobeh
Qazlal
Ru
Sif Muna
Trog
Uskayaw
Vehumet
Wu Jian
Yredelemnul
Zin
Lugonu

Shops:
D:5 *

Annotations:
D:5 exclusion: downstairs
D:6 exclusion: upstairs


Message History

You feel magically purged.
You flicker back into view.
You feel a little less mighty now. The wyvern bites you!
* * * LOW HITPOINT WARNING * * *
The wyvern bites you.
* * * LOW HITPOINT WARNING * * *
You block the yak's attack. The yak gores you but does no damage.
It was a potion of magic.
Magic courses through your body. You block the wyvern's attack.
The wyvern barely misses you.
The wyvern bites you but does no damage. x2
The yak gores you but does no damage. The yak barely misses you.
Okay, then.
It was a potion of curing.
You feel better.
The wyvern hisses menacingly.
You block the wyvern's attack. The wyvern barely misses you.
The yak gores you but does no damage. The yak barely misses you.
It was a potion of degeneration.
There was something very wrong with that liquid.
You feel weakened.
You feel dopey.
You feel clumsy. You block the wyvern's attack. The wyvern barely misses you.
The wyvern closely misses you. You block the wyvern's attack.
The yak gores you.
* * * LOW HITPOINT WARNING * * *
The yak gores you!
* * * LOW HITPOINT WARNING * * *
You barely miss the wyvern. x2; You barely miss the yak. x2
The wyvern bites you but does no damage. x2
The yak gores you!
* * * LOW HITPOINT WARNING * * *
You block the yak's attack. The wyvern closely misses you.
The wyvern barely misses you.
Okay, then.
As you read the scroll labelled AGANUINIOGG, it crumbles to dust.
It is a scroll of enchant weapon.
Really abort (and waste the scroll)? [Y]es or [N]o only, please.
Really abort (and waste the scroll)?
Your +0 war axe glows red for a moment.
The wyvern closely misses you. The wyvern bites you.
You die...

# #...#....###.#.##.........##...
#...#....# #.#.##.......#.#....
##..##...# #.#.####)....###....
## #..####.###.#.#...[###........
.####..........#.....####........
...###.........#......##.........
....####.......#.....####........
###..# ####....#Yl...#.##........
.##..## ####.#@l......)..).....
..#...# ###...#Y).........).....
..#...# ##.....#.........#.......
......###......#.........#.......
###....##..###.#.................
#....#...###.#............##...
###....#...##..#.................
...............#.................
####.###########.................


You could see 2 yaks and 2 wyverns.

Vanquished Creatures
  The ghost of Cape the Skirmisher, a novice MiBe of Trog (D:5)
  The ghost of megamayne420 the Cleaver, a novice HOAK of Lugonu (D:4)
  A gargoyle (D:7)
  Maggie (D:7)
  A troll (D:7)
  3 yaks
  Menkaure (D:5)
  2 acid dragons (D:7)
  3 water moccasins
  An orc warrior (D:7)
  A sky beast (D:7)
  2 ice beasts (D:7)
  A black bear (D:6)
  A necrophage (D:7)
  2 ogres
  2 centaurs
  A kobold brigand (D:7)
  A bullfrog (D:7)
  A scorpion (D:5)
  A water moccasin zombie (D:6)
  A water moccasin skeleton (D:6)
  An electric eel (D:6)
  3 howler monkeys
  3 centaur zombies
  A bullfrog skeleton (D:6)
  A bullfrog zombie (D:5)
  5 hounds
  2 jellies
  2 orc priests
  Crazy Yiuf (D:3)
  A centaur skeleton (D:5)
  2 iguanas
  A scorpion zombie (D:5)
  Robin (D:4)
  5 gnolls
  5 adders
  A howler monkey skeleton (D:5)
  A river rat (D:4)
  2 shadow imps (D:7)
  3 white imps
  An ufetubus (D:6)
  An adder zombie (D:5)
  2 worms (D:3)
  14 orcs
  7 ball pythons
  6 bats
  7 endoplasms
  2 giant cockroaches
  15 goblins
  6 hobgoblins
  4 kobolds
  7 quokkas
  5 frilled lizards
  A quokka skeleton (D:4)
  10 rats
158 creatures vanquished.

Vanquished Creatures (others)
  3 plants (D:8)
3 creatures vanquished.

Grand Total: 161 creatures vanquished

Notes
Turn   | Place    | Note
-------+----------+-------------------------------------------
     0 | D:1      | ILmort the Hill Orc Fighter began the quest for the Orb.
     0 | D:1      | Reached XP level 1. HP: 19/19 MP: 1/1
    24 | D:1      | Reached XP level 2. HP: 17/26 MP: 2/2
   430 | D:1      | Reached XP level 3. HP: 27/31 MP: 3/3
  1145 | D:2      | Reached skill level 5 in Axes
  1571 | D:2      | Found a faded altar of an unknown god.
  1681 | D:2      | Reached XP level 4. HP: 39/39 MP: 4/4
  1872 | D:3      | Found a runed translucent door.
  1873 | D:3      | Noticed Crazy Yiuf
  1958 | D:3      | Found a snail-covered altar of Cheibriados.
  2462 | D:3      | Killed Crazy Yiuf
  2463 | D:3      | Reached XP level 5. HP: 32/45 MP: 5/5
  2470 | D:3      | Identified the +2 mace of Precise Incision {vorpal, Str+4
                  | Dex+4}
  2725 | D:4      | Noticed an ogre
  2740 | D:4      | Killed an ogre
  2741 | D:4      | Reached XP level 6. HP: 51/51 MP: 6/6
  2957 | D:4      | Noticed Robin
  2968 | D:4      | Killed Robin
  3061 | D:4      | Found a burning altar of Makhleb.
  3061 | D:4      | Noticed a blizzard demon
  3065 | D:4      | Noticed a smoke demon
  3065 | D:4      | Noticed an orange demon
  3112 | D:4      | Found a staircase to the Ecumenical Temple.
  3138 | D:4      | Found a runed translucent door.
  3158 | Temple   | Entered the Ecumenical Temple
  3422 | D:4      | Became a worshipper of Makhleb the Destroyer
  3450 | D:4      | Found a runed translucent door.
  3462 | D:4      | Noticed megamayne420's ghost (novice HOAK)
  3494 | D:4      | Killed megamayne420's ghost
  3495 | D:4      | Reached skill level 5 in Fighting
  3495 | D:4      | Reached XP level 7. HP: 49/62 MP: 7/7
  3815 | D:5      | Entered Level 5 of the Dungeon
  3846 | D:5      | Found Fuotorega's Lightly-Used Armoury.
  3877 | D:5      | Reached skill level 1 in Invocations
  3906 | D:5      | Noticed a yak
  3906 | D:5      | Noticed a yak
  3906 | D:5      | Noticed a yak
  3938 | D:6      | Reached skill level 2 in Invocations
  3945 | D:6      | Killed a yak
  3946 | D:6      | Reached skill level 3 in Invocations
  3946 | D:6      | Reached XP level 8. HP: 48/71 MP: 8/10
  3983 | D:6      | Killed a yak
  3984 | D:6      | Reached skill level 5 in Armour
  3984 | D:6      | Reached skill level 5 in Shields
  4092 | D:5      | Killed a yak
  4093 | D:5      | Reached skill level 4 in Invocations
  4364 | D:5      | Reached skill level 5 in Invocations
  4374 | D:5      | Noticed Menkaure
  4381 | D:5      | Killed Menkaure
  4518 | D:5      | Found a runed translucent gate.
  4518 | D:5      | Found a runed translucent gate.
  4518 | D:5      | Found a runed translucent gate.
  4518 | D:5      | Noticed Cape's ghost (novice MiBe)
  4546 | D:5      | Found a basalt altar of Yredelemnul.
  4562 | D:5      | Reached skill level 6 in Invocations
  4562 | D:5      | Reached XP level 9. HP: 79/79 MP: 13/13
  4686 | D:5      | Killed Cape's ghost
  4776 | D:5      | Reached * piety under Makhleb
  4781 | D:5      | Reached skill level 7 in Invocations
  4895 | D:5      | Found an ornate altar of the Wu Jian Council.
  5096 | D:6      | Noticed a manticore
  5443 | D:6      | Found a blossoming altar of Fedhas.
  5671 | D:6      | Reached skill level 8 in Invocations
  6339 | D:7      | Noticed Maggie
  6365 | D:7      | Killed Maggie
  6443 | D:7      | Found a sparkling altar of Nemelex Xobeh.
  6538 | D:7      | Reached skill level 9 in Invocations
  6538 | D:7      | Reached XP level 10. HP: 90/90 MP: 16/16
  6691 | D:7      | Found a radiant altar of Vehumet.
  6908 | D:7      | Reached ** piety under Makhleb
  7039 | D:7      | Found a hide-covered altar of Uskayaw.
  7087 | D:7      | Noticed a gargoyle
  7112 | D:7      | Killed a gargoyle
  7113 | D:7      | Reached skill level 10 in Invocations
  7246 | D:7      | Found an ancient bone altar of Kikubaaqudgha.
  7265 | D:7      | Found a shadowy altar of Dithmenos.
  7508 | D:7      | HP: 2/91 [yak (11)]
  7509 | D:7      | Slain by a wyvern

Illustrated notes

Levels and vault maps discovered:
D:1:      dpeg_arrival_water_temple_mockup, layout_loops_ring
D:2:      layout_basic, dreamdust_ecumenical_altar_angels_and_demons,
          kennysheep_minor_cross
D:3:      layout_loops_ring, nicolae_overflow_crystal_walls,
          amcnicky_mini_rare_corridor_liquid, uniq_crazy_yiuf_cottage
D:4:      layout_basic, makhleb_altar_promises_db,
          minmay_temple_entry_proselytizer, ebering_ghost_sewer_f,
          minmay_bisected, uniq_robin
D:5:      layout_basic, old_standard_altar, nicolae_yredelemnul_ghost_church,
          minmay_shop_damaged, hangedman_decor_opposing, cheibrodos_gnoll_hut,
          uniq_menkaure
D:6:      kb_forest_paths, layout_basic, mainiacjoe_overflow_brackets,
          kennysheep_potato
D:7:      minmay_recursive_quarters, layout_cave_pools,
          nemelex_diamond_rough_becter, mainiacjoe_overflow_boulevard,
          mainiacjoe_overflow_concentric_impassable, kiku_gazebo_pond_becter,
          nicolae_vehumet_altar_sigil, uniq_maggie
D:8:      layout_cave_pools, tso_metal_star, led_xom_imps,
          minmay_lair_entry_grove, serial_gnoll_camp, gnoll_camp_mini_hut,
          gnoll_camp_mini_shop, gnoll_camp_mini_hut, gnoll_camp_huts_moat
Temple:   corrupted_temple

Skill      XL: |  1  2  3  4  5  6  7  8  9 10 |
---------------+-------------------------------+-----
Axes           | 3 4 5 6 8 |  8.8
Fighting       | 5 6 7 8 9 |  9.0
Armour         | 4 5 7 |  7.5
Shields        | 4 5 7 |  7.5
Invocations    | 3 6 9 10 | 10.0

Action                   |  1- 3 |  4- 6 |  7- 9 | 10-12 || total
-------------------------+-------+-------+-------+-------++-------
Melee: War axe           |   101 |   163 |   288 |   121 ||   673
  Use: Scroll            |       |       |     1 |     3 ||     4
       Potion            |       |       |       |     6 ||     6
Armor: Scale mail        |    48 |    66 |   167 |       ||   281
       Swamp dragon scal |       |       |     8 |   107 ||   115
Dodge: Dodged            |    43 |    54 |   131 |    83 ||   311
Block: Buckler           |    23 |    24 |    77 |    58 ||   182
